 Dungeon Crawl Stone Soup version 0.20.1-1-g8b1a95d (webtiles) character file.

145842 Halceon the Peltast (level 16, -3/151 HPs)
             Began as a Minotaur Fighter on Nov 22, 2017.
             Was the Champion of Ashenzari.
             Slain by a nagaraja
             ... wielding a +0 flail
              (4 damage)
             ... on level 4 of the Snake Pit.
             The game lasted 03:36:48 (25425 turns).

Halceon the Peltast (Minotaur Fighter)             Turns: 25425, Time: 03:36:49

Health: -3/151     AC: 18    Str: 30    XL:     16   Next: 88%
Magic:  16/16      EV: 17    Int:  5    God:    Ashenzari [******]
Gold:   435        SH:  0    Dex: 13    Spells: 15/15 levels left

rFire    . . .     SeeInvis +   P - +6 falchion (protect) (curse)
rCold    . . .     Gourm    .   c - +0 shield (curse)
rNeg     . . .     Faith    .   d - +2 troll leather armour (curse) {Purgy}
rPois    +         Spirit   .   e - +0 hat {MR+}
rElec    .         Reflect  .   L - +0 cloak
rCorr    .         Harm     +   h - +1 pair of gloves
MR       ++...     Clarity  +   N - +2 pair of boots (curse)
Stlth    +.........             U - amulet of harm
Regen    0.8/turn               E - ring of poison resistance (curse)
MPRegen  0.2/turn               G - +4 ring of protection (curse)

@: confused, mighty, lethally poisoned (-3 -> -4), hasted, constricted, very
quick
A: retaliatory headbutt, horns 2
a: Curse Item, Scrying, Transfer Knowledge, Renounce Religion


You were on level 4 of the Snake Pit.
You worshipped Ashenzari.
Ashenzari was exalted by your worship.
You were not hungry.

You visited 4 branches of the dungeon, and saw 26 of its levels.
You also visited: Labyrinth and Sewer.

You collected 1756 gold pieces.
You spent 1321 gold pieces at shops.

Inventory:

Hand Weapons
 b - a +2 dagger of speed
 P - a cursed +6 falchion of protection (weapon)
 S - a +2 long sword of draining
Armour
 c - a cursed +0 shield (worn)
 d - a cursed +2 troll leather armour (worn) {Purgy}
 e - a +0 hat of magic resistance (worn)
 h - a +1 pair of gloves (worn)
 L - a +0 cloak (worn)
 N - a cursed +2 pair of boots (worn)
Jewellery
 a - the ring of the Solstice {Dex+6 Stlth+}
   (You found it on level 1 of the Snake Pit)

   [ring of stealth]

   It affects your dexterity (+6).
   It makes you more stealthy.
 g - an uncursed amulet of guardian spirit
 n - an uncursed ring of flight
 p - a +2 ring of protection
 E - a cursed ring of poison resistance (left hand)
 G - a cursed +4 ring of protection (right hand)
 U - an amulet of harm (around neck)
 V - a cursed ring of ice
Wands
 q - a wand of polymorph (13/24)
 v - a wand of flame (6/48)
 x - a wand of paralysis (12/24)
 y - a wand of polymorph (12/24)
 D - a wand of disintegration (14/24)
 I - a wand of paralysis (15/24)
 K - a wand of confusion (30/48)
 O - a wand of random effects (18/48)
 Q - a wand of paralysis (16/24)
 T - a wand of confusion (2/48)
 X - a wand of polymorph (14/24)
 Z - a wand of clouds (4/9)
Scrolls
 j - 6 scrolls of teleportation
 m - 3 scrolls of recharging
 r - 9 scrolls of fear
 s - 2 scrolls of blinking
 t - 2 scrolls of magic mapping
 w - a scroll of silence
 B - a scroll of identify
 H - 5 scrolls of fog
 M - a scroll of holy word
 W - a scroll of brand weapon
 Y - 6 scrolls of summoning
Potions
 i - 3 potions of berserk rage
 k - a potion of haste
 u - 4 potions of flight
 C - 2 potions of ambrosia
 F - 2 potions of brilliance
Miscellaneous
 z - a lightning rod (4/4)
 R - a lamp of fire
Comestibles
 f - 5 bread rations
 o - 4 royal jellies
 A - 5 meat rations


   Skills:
 + Level 16.0 Fighting
 + Level 17.1(20.9) Long Blades
 + Level 8.4 Armour
 + Level 13.9 Dodging
 + Level 7.3 Stealth
 + Level 18.7(21.0) Shields
 + Level 2.8 Unarmed Combat
 + Level 2.4(4.8) Evocations


You had 15 spell levels left.
You didn't know any spells.

Dungeon Overview and Level Annotations

Branches:
Dungeon (15/15)            Temple (1/1) D:4            Lair (6/6) D:8
 Shoals (0/4) Lair:2        Snake (4/4) Lair:3        Slime (0/5) Lair:6
    Orc (0/2) D:11         Vaults (0/5) D:13
 Depths: D:15

Altars:
Ashenzari
Cheibriados
Dithmenos
Elyvilon
Fedhas
Gozag
Hepliaklqana
Kikubaaqudgha
Makhleb
Nemelex Xobeh
Okawaru
Qazlal
Ru
Sif Muna
Trog
Uskayaw
Vehumet
Xom
Yredelemnul
Zin
The Shining One

Shops:
D:5 =   D:9 (   D:11 (   D:12 }   Snake:1 :*=([

Portals:
Trove: D:14 (give +8 demon blade)

Annotations:
D:14 Zogzag's ghost, journeyman HuIE


Innate Abilities, Weirdness & Mutations

You reflexively headbutt those who attack you in melee.
You have a pair of horns on your head.


Message History

The naga sharpshooter shouts!
The naga sharpshooter unwields an uncursed war axe.
The naga sharpshooter wields an uncursed shortbow of flaming.
It bursts into flame!
The naga sharpshooter shoots an arrow.
The arrow completely misses you. The nagaraja spits poison at you.
The splash of poison misses you.
A naga comes into view.
Ashenzari warns you: It is wielding a glaive of freezing.
The naga shouts!
The naga sharpshooter spits poison at you.
The splash of poison hits you! You resist.
You feel sick. The nagaraja spits poison at you.
The splash of poison misses you.
You're too confused to move!
You feel sick. The nagaraja hits you with a flail!!
* * * LOW HITPOINT WARNING * * *
The nagaraja grabs you.
You die...

**#......(..#..[#...##..
**........)(.#.[.#(..##..
**,...##.....(#.[)#....##.
**,,.###.....).#..[##....##
**,,,###.......###.[.##....#
**,,,##...........#....##....
**,,###............##...[##...
*#,,##........N......#.....###.
*...#..N.<....@......##.....###
**,,#..........(...#..###.))..##
**,,*#.............########....รท#
*,,##........###...#.....)))..[..
,,,#<......N###...#.....[......[.
,,#........##...........)[.N..)(.
,..........#......N.#..........)[
#...........#.......############.
##.................[[.....#######


You could see a naga warrior, a nagaraja, a naga sharpshooter and a naga.

Vanquished Creatures
  Nikola (Snake:2)
  Gastronok (D:9)
  Frances (D:14)
  10 nagarajas
  The ghost of Tramtrist the Blocker, a journeyman MiFi of Okawaru (D:14)
  A minotaur (Lab)
  Harold (D:10)
  A hydra (Lair:5)
  Fannar (D:10)
  20 naga warriors
  Erica (D:8)
  2 centaur warriors
  6 anacondas
  7 two-headed ogres
  A tengu warrior (D:13)
  A death yak (shapeshifter) (D:13)
  6 death yaks (Lair:5)
  10 naga sharpshooters
  8 shock serpents
  Sonja (D:13)
  A salamander mystic (Snake:2)
  A wizard (D:14)
  An unseen horror (D:12)
  11 naga ritualists
  7 mana vipers
  A lindwurm (D:13)
  A deep elf mage (D:12)
  A wolf spider zombie (D:14)
  2 ugly things
  2 cyclopes
  4 slime creatures (D:13)
  4 salamanders
  2 manticores
  21 naga magi
  Maurice (D:8)
  5 elephants
  34 black mambas
  13 spiny frogs
  Psyche (D:8)
  Joseph (Lair:1)
  2 guardian serpents
  A komodo dragon (shapeshifter) (D:13)
  3 komodo dragons
  2 ice devils (Lair:1)
  3 trolls
  A tengu conjurer (D:13)
  2 minotaur zombies (Lab)
  4 polar bears
  Prince Ribbit (D:7)
  17 blink frogs
  6 hippogriffs
  7 hornets
  The ghost of dscm the Chopper, an amateur DsGl (D:4)
  24 dream sheep
  16 spriggans
  A vampire (D:8)
  A wyvern (D:10)
  3 basilisks
  Sigmund (D:4)
  35 yaks
  Eustachio (D:6)
  2 wraiths
  2 hungry ghosts
  Grum (D:8)
  Edmund (D:4)
  60 nagas
  10 water moccasins
  2 acid dragons
  9 porcupines
  5 orc warriors
  Purgy (Sewer)
  A hornet zombie (D:8)
  A sky beast (D:6)
  2 ice beasts
  A phantom (D:4)
  7 black bears
  2 necrophages
  28 wolves
  6 centaurs
  3 ogres
  3 boggarts (Lair:6)
  8 crocodiles
  A big kobold (D:10)
  14 bullfrogs
  4 scorpions
  12 wights
  9 killer bees
  6 electric eels
  2 howler monkeys (D:8)
  7 crimson imps
  2 bullfrog zombies
  2 centaur zombies
  4 jellies
  6 hounds
  5 centaur skeletons
  4 orc priests
  9 orc wizards
  A gnoll shaman (D:4)
  4 iguanas
  7 worker ants
  A hound zombie (D:6)
  3 hound skeletons
  6 gnolls
  A howler monkey skeleton (D:9)
  10 adders
  4 shadow imps
  An ooze (D:5)
  An adder zombie (D:5)
  2 adder skeletons
  3 worms
  6 leopard geckos
  42 orcs
  2 ball pythons (Sewer)
  5 bats
  6 giant cockroaches
  7 goblins
  9 hobgoblins
  7 jackals
  3 quokkas
  10 frilled lizards
  14 kobolds
  A quokka skeleton (D:7)
  16 rats
  4 fungi (Lair:5)
745 creatures vanquished.

Vanquished Creatures (others)
  A black mamba (Snake:4)
  An orc (D:13)
  6 fungi
  10 plants
18 creatures vanquished.

Grand Total: 763 creatures vanquished

Notes
Turn   | Place    | Note
-------+----------+-------------------------------------------
     0 | D:1      | Halceon the Minotaur Fighter began the quest for the Orb.
     0 | D:1      | Reached XP level 1. HP: 19/19 MP: 0/0
   242 | D:1      | Reached XP level 2. HP: 27/27 MP: 1/1
   717 | D:2      | Reached skill level 4 in Shields
   769 | D:2      | Reached XP level 3. HP: 33/33 MP: 2/2
   945 | D:3      | Found a glowing drain.
   967 | Sewer    | Entered a sewer
  1029 | Sewer    | Noticed Purgy
  1042 | Sewer    | Killed Purgy
  1042 | Sewer    | Reached skill level 1 in Dodging
  1042 | Sewer    | Reached XP level 4. HP: 19/41 MP: 3/3
  1042 | Sewer    | Reached XP level 5. HP: 22/47 MP: 4/4
  1822 | D:5      | Entered Level 5 of the Dungeon
  1827 | D:4      | Noticed Sigmund
  1843 | D:4      | Killed Sigmund
  1843 | D:4      | Reached skill level 5 in Long Blades
  1843 | D:4      | Reached XP level 6. HP: 50/53 MP: 5/5
  1882 | D:4      | Noticed Edmund
  1908 | D:4      | Killed Edmund
  1908 | D:4      | Reached skill level 5 in Armour
  1908 | D:4      | Reached skill level 5 in Shields
  1978 | D:4      | Reached XP level 7. HP: 53/60 MP: 6/6
  2003 | D:4      | Reached skill level 5 in Fighting
  2264 | D:4      | Noticed dscm's ghost (amateur DsGl)
  2574 | D:4      | Killed dscm's ghost
  2574 | D:4      | Reached XP level 8. HP: 50/70 MP: 7/7
  2597 | D:4      | Found a staircase to the Ecumenical Temple.
  2630 | Temple   | Entered the Ecumenical Temple
  2700 | Temple   | Became a worshipper of Ashenzari the Shackled
  3072 | D:6      | Reached skill level 6 in Shields
  3095 | D:6      | Identified the amulet of Itako {Inacc rPois rN+}
  3121 | D:6      | Noticed Eustachio
  3156 | D:6      | Killed Eustachio
  3365 | D:6      | Reached skill level 1 in Stealth
  3821 | D:5      | Reached * piety under Ashenzari
  3836 | D:5      | Found Juanloareny's Jewellery Boutique.
  4355 | D:7      | Noticed Prince Ribbit
  4394 | D:7      | Killed Prince Ribbit
  4394 | D:7      | Reached skill level 7 in Shields
  4394 | D:7      | Reached XP level 9. HP: 39/78 MP: 8/8
  4511 | D:7      | Got the cursed mace "Hurhaxib" {venom, rPois rC- SInv Stlth+}
  4551 | D:8      | Noticed Grum
  4911 | D:8      | Found a sacrificial altar of Ru.
  5050 | D:8      | Noticed Maurice
  5087 | D:8      | Killed Maurice
  5087 | D:8      | Reached skill level 10 in Long Blades
  5087 | D:8      | Reached skill level 1 in Unarmed Combat
  5093 | D:8      | Killed Grum
  5093 | D:8      | Reached skill level 5 in Dodging
  5216 | D:8      | Reached skill level 8 in Shields
  5290 | D:8      | Noticed Erica
  5302 | D:8      | Killed Erica
  5302 | D:8      | Reached XP level 10. HP: 84/86 MP: 9/9
  5496 | D:8      | Reached skill level 9 in Shields
  5547 | D:8      | Found a staircase to the Lair.
  5570 | D:8      | Reached skill level 1 in Evocations
  5580 | Lair:1   | Entered Level 1 of the Lair of Beasts
  5624 | D:8      | Noticed Psyche
  5641 | D:8      | Killed Psyche
  5874 | Lair:1   | Found a frozen archway.
  6412 | D:10     | Entered Level 10 of the Dungeon
  6685 | D:9      | Found Coiciyg's Antique Weapon Shoppe.
  6762 | D:9      | Reached ** piety under Ashenzari
  6778 | D:9      | Identified the cursed +3 mace "Hurhaxib" {venom, rPois rC- SInv Stlth+} (You found it on level 7 of the Dungeon)
  6811 | D:9      | Noticed Gastronok
  6857 | D:9      | Killed Gastronok
  6857 | D:9      | Reached skill level 10 in Shields
  6857 | D:9      | Reached XP level 11. HP: 67/95 MP: 10/10
  7262 | D:10     | Noticed a two-headed ogre
  7275 | D:10     | Noticed a centaur warrior
  7394 | D:10     | Noticed a two-headed ogre
  7408 | D:10     | Killed a two-headed ogre
  7473 | D:10     | Killed a centaur warrior
  7473 | D:10     | Identified the +6 hand axe of the Shrike {freeze, Int+2 Dex+4} (You took it off a centaur warrior on level 10 of the Dungeon)
  7542 | D:10     | Killed a two-headed ogre
  7636 | D:10     | Noticed Harold
  7665 | D:10     | Killed Harold
  7733 | D:10     | Noticed a two-headed ogre
  7760 | D:10     | Killed a two-headed ogre
  7854 | D:10     | Reached skill level 11 in Shields
  8023 | D:11     | Noticed Fannar
  8058 | D:10     | Killed Fannar
  8453 | D:11     | Noticed a two-headed ogre
  8465 | D:11     | Killed a two-headed ogre
  8465 | D:11     | Reached XP level 12. HP: 99/106 MP: 12/12
  8490 | D:11     | Reached skill level 10 in Fighting
  8579 | D:11     | Reached *** piety under Ashenzari
  8609 | D:11     | Found Ucesat's Armour Shoppe.
  8609 | D:11     | Found a staircase to the Orcish Mines.
  8609 | D:11     | Found Ybues's Weapon Shoppe.
  8734 | D:11     | Noticed a two-headed ogre
  8745 | D:11     | Killed a two-headed ogre
  9421 | D:11     | Noticed a two-headed ogre
  9431 | D:11     | Killed a two-headed ogre
 10063 | D:12     | Reached skill level 12 in Shields
 10065 | D:12     | Found Mes Vaoh's Gadget Boutique.
 10119 | D:12     | Bought a wand of disintegration (15/24) for 247 gold pieces
 10161 | D:13     | Noticed Sonja
 10226 | D:13     | Noticed a tengu warrior
 10275 | D:13     | Killed a tengu warrior
 10281 | D:13     | Noticed a death yak
 10281 | D:13     | a faun changed into a death yak
 10287 | D:13     | Killed a death yak
 10298 | D:13     | Killed Sonja
 10460 | D:13     | Reached **** piety under Ashenzari
 10529 | D:14     | Noticed Zogzag's ghost (journeyman HuIE)
 10558 | D:14     | Found a portal to a secret trove of treasure.
 10592 | D:14     | Reached skill level 15 in Long Blades
 10592 | D:14     | Reached XP level 13. HP: 96/116 MP: 13/13
 10665 | D:14     | Noticed Tramtrist's ghost (journeyman MiFi)
 10743 | D:14     | Noticed Frances
 10744 | D:14     | Found a labyrinth entrance.
 10752 | Lab      | Entered a labyrinth
 10988 | Lab      | Noticed a minotaur
 11004 | Lab      | Killed a minotaur
 11107 | D:14     | Killed Frances
 11107 | D:14     | Reached skill level 13 in Shields
 11199 | D:15     | Entered Level 15 of the Dungeon
 11373 | D:14     | Killed Tramtrist's ghost
 11487 | D:13     | Reached skill level 10 in Dodging
 11798 | D:13     | Found a gate to the Vaults.
 12414 | Lair:1   | Noticed Joseph
 12426 | Lair:1   | Killed Joseph
 12426 | Lair:1   | Reached skill level 5 in Stealth
 12780 | Lair:1   | Reached ***** piety under Ashenzari
 13470 | Lair:2   | Identified the cursed +1 ring mail "Reathok" {Int-5 Dex+4 Stlth+}
 13673 | Lair:2   | Found a staircase to the Shoals.
 14071 | Lair:3   | Reached skill level 14 in Shields
 14085 | Lair:3   | Found a staircase to the Snake Pit.
 15206 | Lair:4   | Identified the cursed +1 leather armour of Witosm {rElec}
 15311 | Lair:4   | Reached ****** piety under Ashenzari
 15642 | Lair:5   | Reached XP level 14. HP: 106/127 MP: 14/14
 15724 | Lair:6   | Entered Level 6 of the Lair of Beasts
 17009 | Lair:6   | Reached skill level 15 in Shields
 18247 | Lair:6   | Found a staircase to the Slime Pits.
 18401 | Snake:1  | Entered Level 1 of the Snake Pit
 18419 | Snake:1  | Found Feqesero's Weapon Shop.
 18480 | Snake:1  | Bought a +4 falchion of protection for 460 gold pieces
 18738 | Snake:1  | Found Xeaj's Book Emporium.
 18824 | Snake:1  | Found Degiclehulu's Assorted Antiques.
 18832 | Snake:1  | Bought a scroll of enchant weapon for 307 gold pieces
 18832 | Snake:1  | Bought a scroll of enchant weapon for 307 gold pieces
 18850 | Snake:1  | Found Vifa's Jewellery Shop.
 18904 | Snake:1  | Reached XP level 15. HP: 127/137 MP: 6/15
 18954 | Snake:1  | Identified the ring of the Solstice {Dex+6 Stlth+}
 19728 | Snake:1  | Reached skill level 16 in Shields
 19949 | Snake:1  | Found Ronugoem's Antique Armour Shop.
 20253 | Snake:2  | Noticed Nikola
 20669 | Snake:2  | Noticed a nagaraja
 21220 | Snake:2  | Killed Nikola
 21255 | Snake:2  | Killed a nagaraja
 21881 | Snake:3  | Reached skill level 17 in Shields
 22075 | Snake:4  | Entered Level 4 of the Snake Pit
 22075 | Snake:4  | Noticed a nagaraja
 22181 | Snake:3  | Noticed a nagaraja
 22207 | Snake:3  | Killed a nagaraja
 22207 | Snake:3  | Reached skill level 15 in Fighting
 22514 | Snake:3  | Reached XP level 16. HP: 149/149 MP: 16/16
 22781 | Snake:4  | Identified the cursed +5 large shield of the Barnacle {Str+4}
 23731 | Snake:4  | Reached skill level 18 in Shields
 24574 | Snake:4  | HP: 7/150 [nagaraja/orb of energy (45)]
 25425 | Snake:4  | HP: 1/151 [nagaraja/flail (26)]
 25425 | Snake:4  | Slain by a nagaraja

Skill      XL: |  1  2  3  4  5  6  7  8  9 10 11 12 13 14 15 16 |
---------------+-------------------------------------------------+-----
Fighting       | 4 5 6 7 8 9 11 12 13 15 16 | 16.0
Shields        | 4 5 7 8 10 11 12 14 15 17 18 | 18.7
Long Blades    | 3 5 6 8 9 10 12 13 15 16 17 | 17.1
Armour         | 4 5 6 7 8 |  8.4
Dodging        | 1 2 3 4 5 7 8 9 10 12 13 | 13.9
Stealth        | 1 2 3 4 5 6 7 |  7.3
Unarmed Combat | 2 |  2.8
Evocations     | 1 2 |  2.4

Action                   |  1- 3 |  4- 6 |  7- 9 | 10-12 | 13-15 | 16-18 || total
-------------------------+-------+-------+-------+-------+-------+-------++-------
Melee: Long sword        |   122 |    97 |    67 |       |       |       ||   286
       Headbutt          |    16 |    25 |    86 |   223 |   576 |   172 ||  1098
       Falchion          |       |       |   303 |   887 |  2119 |   561 ||  3870
       Unarmed           |       |       |    15 |       |       |       ||    15
       Scimitar          |       |       |       |     2 |       |       ||     2
Invok: Curse Item        |       |       |     2 |     4 |     4 |       ||    10
       Scrying           |       |       |       |       |       |     2 ||     2
 Abil: Evoke Flight      |       |       |       |       |     1 |       ||     1
Evoke: Wand              |       |       |     2 |    17 |     6 |     3 ||    28
       Lamp of fire      |       |       |       |     1 |     1 |     1 ||     3
       Lightning rod     |       |       |       |       |       |     4 ||     4
  Use: Scroll            |     3 |     2 |    13 |     9 |    20 |     4 ||    51
       Potion            |     1 |       |     1 |     7 |    11 |     7 ||    27
 Stab: Confused          |       |       |     2 |     2 |       |       ||     4
       Sleeping          |       |       |       |     9 |    26 |     1 ||    36
       Fleeing           |       |       |       |     1 |       |       ||     1
       Distracted        |       |       |       |     1 |     4 |     2 ||     7
  Eat: Chunk             |     1 |     1 |       |     1 |     3 |       ||     6
       Fruit             |       |     1 |     8 |    10 |     9 |       ||    28
       Royal jelly       |       |     1 |       |     2 |     6 |       ||     9
       Bread ration      |       |       |     1 |     1 |     2 |     1 ||     5
       Meat ration       |       |       |       |     1 |     1 |     1 ||     3
Armor: Scale mail        |    52 |       |       |       |       |       ||    52
       Troll leather arm |       |    18 |   105 |   163 |   320 |    80 ||   686
       Skin              |       |       |     2 |     4 |       |       ||     6
Dodge: Dodged            |    31 |    23 |   109 |   230 |   710 |   204 ||  1307
Block: Shield            |    68 |    46 |   154 |   335 |  1014 |   330 ||  1947
       Rpst.: Long sword |     7 |     7 |     2 |       |       |       ||    16
       Falchion          |       |       |    20 |    51 |   149 |    30 ||   250
